 Dungeon Crawl Stone Soup version 0.31.0-9-g3a7656b989 (webtiles) character file.

Game seed: 3078773878381610939

56 qw the Shooter (level 3, -7/20 HPs)
             Began as a Deep Elf Hunter on Feb 2, 2024.
             Mangled by a gnoll
             ... wielding a +0 flail
              (8 damage)
             ... on level 1 of the Dungeon.
             The game lasted 00:00:03 (833 turns).

qw the Shooter (Deep Elf Hunter)                     Turns: 833, Time: 00:00:03

Health: -7/20      AC:  3    Str: 10    XL:     3   Next: 69%
Magic:  5/5        EV: 12    Int: 13    God:
Gold:   42         SH:  0    Dex: 18    Spells: 2/2 levels left

rFire   . . .        a - +0 shortbow
rCold   . . .        (shield currently unavailable)
rNeg    . . .        c - +0 leather armour
rPois   .            (no helmet)
rElec   .            (no cloak)
rCorr   .            (no gloves)
SInv    .            (no boots)
Will    .....        (no amulet)
Stlth   ++           (no ring)
HPRegen 0.23/turn    (no ring)
MPRegen 0.09/turn

%: no passive effects
@: no status effects
A: no striking features
a: no special abilities


You were on level 1 of the Dungeon.
You visited 1 branch of the dungeon, and saw 2 of its levels.

You collected 42 gold pieces.


   Skills:
 - Level 1.5 Fighting
 + Level 7.2 Ranged Weapons
 - Level 2.4 Dodging
 - Level 1.2 Stealth


You had 2 spell levels left.
You didn't know any spells.
Your spell library was empty.

Inventory:

Hand Weapons
 a - a +0 shortbow (weapon)
Armour
 c - a +0 leather armour (worn)
Scrolls
 f - a scroll of teleportation
Potions
 d - a potion of might

Dungeon Overview and Level Annotations

Branches:
Dungeon (2/15)

Altars:


Message History

The gnoll shouts!
The gnoll closely misses you.
808 ||| RETREEEEATING.
809 ||| RETREEEEATING.
The gnoll attacks as it pursues you! The gnoll hits you with a +0 club.
There is a stone staircase leading up here.
810 ||| STAIRDANCE The gnoll completely misses you.
You climb upwards.
There is a stone staircase leading down here.
You shoot an arrow. The arrow hits the gnoll.
The gnoll is moderately wounded.
The gnoll closely misses you.
You shoot an arrow. The arrow barely misses the gnoll.
The gnoll hits you with a +0 club.
You shoot an arrow. The arrow closely misses the gnoll.
The gnoll barely misses you.
You shoot an arrow. The arrow completely misses the gnoll.
The gnoll barely misses you. The gnoll closely misses you.
You shoot an arrow. The arrow hits the gnoll!
The gnoll is almost dead.
The gnoll hits you but does no damage.
You shoot an arrow. The arrow hits the gnoll.
You kill the gnoll!
You start resting.
HP restored.
You climb downwards.
The gnoll barely misses you. x2
The gnoll hits you with a +0 flail. The gnoll closely misses you.
There is a stone staircase leading up, spattered with blood here.
830 ||| STAIRDANCE The gnoll closely misses you.
The gnoll hits you with a +0 flail!
You climb upwards.
There is a stone staircase leading down here.
You shoot an arrow. The arrow hits the gnoll.
The gnoll is moderately wounded.
The gnoll misses you. The gnoll barely misses you.
You shoot an arrow. The arrow hits the gnoll.
The gnoll is heavily wounded.
The gnoll hits you with a +0 flail! x2
You die...

#####.###.# ##.###.#
#......# #..#####
####..# ####### #.....#
#...... #.###.# #......
#.###.#
############......
#.....#
#@.........'......
#.....#
#gg..#######......
#.....####.##.# #......
#........#.##.# #......
####.#....!#.##.##
#......
####....#.....'.##..##
#......
#....####)....#.###..##
#...... ##....#
###.......##..######+#..
#.....#
#.......###...........


You could see 2 gnolls.

Vanquished Creatures
  2 gnolls
  3 dart slugs (D:1)
  4 endoplasms
  A goblin (D:1)
  3 hobgoblins (D:1)
  4 jackals (D:1)
  A kobold (D:1)
  A quokka (D:1)
  2 ball pythons (D:1)
  5 bats (D:1)
  A frilled lizard (D:1)
  3 rats (D:1)
30 creatures vanquished.

Notes
Turn   | Place    | Note
-------+----------+-------------------------------------------
     0 | D:1      | qw the Deep Elf Hunter began the quest for the Orb.
     0 | D:1      | Reached XP level 1. HP: 12/12 MP: 3/3
     0 | D:1      | 0 ||| qw: Version: 0.3-a-155-g5e7d8dd
     0 | D:1      | 0 ||| qw: Game counter: 1613
     0 | D:1      | 0 ||| qw: Melee chars always use a shield: true
     0 | D:1      | 0 ||| qw: God list: Okawaru
     0 | D:1      | 0 ||| qw: Allow faded altars: false
     0 | D:1      | 0 ||| qw: Do Orc after clearing Dungeon:15 true
     0 | D:1      | 0 ||| qw: Do second Lair branch before Depths: true
     0 | D:1      | 0 ||| qw: Lair rune preference: random
     0 | D:1      | 0 ||| qw: Goals: Normal
     0 | D:1      | 0 ||| PLANNING D:1-11
    71 | D:1      | Reached XP level 2. HP: 16/16 MP: 4/4
    72 | D:1      | Reached skill level 6 in Ranged Weapons
   377 | D:1      | Reached XP level 3. HP: 20/20 MP: 5/5
   727 | D:1      | 727 ||| READING 2 scrolls labelled ZOAFUMOGUVE.
   730 | D:1      | 730 ||| READING 3 scrolls labelled KOPNISAUPN.
   730 | D:1      | 730 ||| IDENTIFYING viscous golden potion
   731 | D:1      | 731 ||| READING 2 scrolls of identify.
   731 | D:1      | 731 ||| IDENTIFYING green potion
   732 | D:1      | 732 ||| READING scroll of identify.
   732 | D:1      | 732 ||| IDENTIFYING grey potion
   733 | D:1      | 733 ||| DRINKING 2 black potions.
   782 | D:1      | 782 ||| DROPPING scroll of butterflies.
   783 | D:1      | 783 ||| DROPPING potion of lignification.
   784 | D:1      | 784 ||| DROPPING potion of brilliance.
   785 | D:1      | 785 ||| DROPPING potion of invisibility.
   806 | D:2      | Reached skill level 7 in Ranged Weapons
   807 | D:2      | 807 ||| RETREEEEATING.
   808 | D:2      | 808 ||| RETREEEEATING.
   809 | D:2      | 809 ||| RETREEEEATING.
   810 | D:2      | 810 ||| STAIRDANCE
   830 | D:2      | 830 ||| STAIRDANCE
   833 | D:1      | HP: 1/20 [gnoll/+0 flail (7)]
   833 | D:1      | Mangled by a gnoll

Levels and vault maps discovered:
D:1:      shiori_angband_town, layout_basic, minmay_tetromino_s2
D:2:      layout_rooms, serial_glass, glass_columns_a, glass_columns_b,
          due_unseen_surprise, minmay_misc_feat_columns, uniq_natasha

Skill      XL: |  1  2  3 |
---------------+----------+-----
Ranged Weapons | 6 7 |  7.2
Fighting       | |  1.5
Dodging        | |  2.4
Stealth        | |  1.2

Action                     || total
---------------------------++-------
   Fire: Shortbow          ||    75
    Use: Scroll            ||     4
         Potion            ||     1
 Armour: Leather armour    ||     9
  Dodge: Dodged            ||    18

Table legend:
 A = Non-vault XP
 B = Vault XP
 C = Vault XP percentage of total XP
 D = Non-vault monster count
 E = Vault monster count
 F = Vault count percentage of total count
                 A         B        C        D         E       F
            +---------+---------+-------+---------+---------+-------
      Total |      77 |       3 |   3.8 |      28 |       2 |   6.7
            +---------+---------+-------+---------+---------+-------
        D:1 |      61 |       3 |   4.7 |      26 |       2 |   7.1
        D:2 |      16 |       0 |   0.0 |       2 |       0 |   0.0
            +---------+---------+-------+---------+---------+-------
